Map: Abiogenesis LE

Players

Infamous - Winner!

  • Race: Protoss Protoss
  • League: Gold
  • Spawn Location: 5:00

A.I. 1 (Very Easy)

  • Race: Zerg Zerg
  • Spawn Location: 11:00

VOD

Have the link to the VOD?

Description

Time

  • Played on: April 19, 2018, 11:11 a.m.
  • Length: 9:36
Show
View Real Time Build Order
Export as new Build Order

Infamous Protoss - Winner!

Build Orders: 1 Gate Expand 

Get SALT Encoding   

  12  0:01  Probe  
  13  0:13  Probe  
  14  0:25  Probe  
  14  0:26  Pylon  
  15  0:44  Probe, Gateway  
  16  0:57  Probe  
  17  1:08  Assimilator  
  17  1:11  Probe  
  18  1:25  Probe  
  18  1:26  Nexus  
  19  1:42  Probe  
  20  2:01  Cybernetics Core, Assimilator  
  20  2:03  Probe  
  21  2:29  Probe  
  22  2:30  Adept  
  22  2:40  Warp Gate  
  22  2:41  Probe x2  
  26  2:50  Pylon  
  26  2:56  Probe x2  
  28  3:08  Probe  
  28  3:10  Probe  
  30  3:14  Stargate  
  30  3:20  Probe  
  31  3:34  Probe x2  
  31  3:35  Adept  
  31  3:42  Gateway  
  31  3:46  Probe  
  31  3:47  Probe  
  35  3:52  Assimilator  
  35  3:54  Probe  
  35  3:55  Assimilator  
  35  4:00  Phoenix  
  38  4:03  Probe  
  38  4:07  Probe  
  40  4:11  Sentry  
  42  4:20  Probe  
  42  4:24  Probe  
  44  4:26  Phoenix  
  46  4:40  Pylon  
  46  4:58  Phoenix  
  48  5:07  Sentry  
  48  5:09  Adept  
  52  5:15  Gateway  
  52  5:16  Gateway  
  52  5:18  Gateway  
  52  5:29  Pylon  
  52  5:39  Probe  
  52  5:40  Probe  
  54  5:47  Oracle  
  54  5:49  Stalker x2  
  61  6:17  Forge  
  61  6:18  Forge  
  61  6:25  Pylon  
  61  6:28  Pylon  
  61  6:44  Protoss Ground Weapons Level 1, Protoss Ground Armor Level 1  
  61  6:46  Adept x5, Twilight Council  
  71  7:02  Probe x2  
  71  7:07  Oracle  
  76  7:19  Adept  
  78  7:42  Gateway  
  78  7:44  Gateway  
  78  7:46  Gateway  
  78  7:48  Gateway  
  78  7:50  Gateway  
  78  7:53  Nexus  
  78  7:55  Pylon  
  78  7:56  Pylon  
  78  7:58  Pylon  
  78  8:00  Pylon  
  78  8:13  Probe x2, Oracle  
  83  8:25  Probe x2  
  85  8:34  Photon Cannon  
  85  8:36  Photon Cannon  
  85  8:38  Photon Cannon  
  85  8:40  Stalker x4  
  85  8:41  Photon Cannon, Stalker  
  95  8:43  Photon Cannon  
  95  8:46  Photon Cannon  
  95  9:02  Templar Archives  
  95  9:03  Stalker x6  
  95  9:04  Stalker  
Show
View Real Time Build Order
Export as new Build Order

A.I. 1 (Very Easy) Zerg 

Build Orders: Pool First 

Get SALT Encoding   

  12  0:00  Drone  
  13  0:12  Overlord  
  13  0:16  Drone  
  14  0:36  Spawning Pool  
  14  0:37  Extractor  
  14  0:40  Drone  
  13  0:47  Drone  
  14  0:54  Overlord  
  14  1:23  Zergling x2  
  14  1:25  Queen  
  17  1:33  Roach Warren  
  17  1:36  Drone  
  17  1:41  Extractor  
  17  1:45  Drone  
  17  1:52  Zergling x2  
  18  2:04  Drone  
  19  2:11  Drone  
  20  2:19  Drone  
  20  2:20  Zergling x2  
  22  2:29  Overlord  
  22  2:34  Drone  
  23  2:41  Drone  
  24  2:48  Drone  
  24  2:49  Roach  
  27  5:57  Queen  
  27  6:04  Overlord  
  27  6:11  Zergling x2  
  27  6:23  Overlord  
  27  6:42  Overlord, Zergling x2  
  28  6:55  Queen  
  28  7:03  Overlord  
  28  7:10  Overlord  
  28  7:21  Drone  
  28  7:22  Roach  
  22  7:28  Drone  
  22  7:29  Overlord  
  15  7:32  Lair  
  15  7:35  Drone  
  13  7:43  Drone  
  11  7:48  Overlord  
  11  7:50  Drone, Roach  
  13  7:57  Drone  
  14  8:04  Drone  
  13  8:07  Overlord  
  13  8:11  Drone  
  10  8:19  Drone, Roach  
  13  8:26  Drone  
  14  8:29  Overlord  
  14  8:34  Drone, Hatchery  
  14  8:47  Zergling x2, Queen  
  14  8:48  Overseer, Overlord  
  17  8:51  Drone  
  17  8:53  Overseer  
  18  9:12  Drone  
  18  9:15  Overlord  
  18  9:16  Roach  
Tags
 
Add a new tag
Caveats
  • Supply blocks, unpowered buildings, or Contaminate may cause inaccurate times.
  • Supply counts are checked every 10 seconds.